 Dungeon Crawl Stone Soup version 0.32-a0-938-g40ac7a0f4d (webtiles) character file.

Game seed: 8715805169432732823

46 DEFE the Cudgeller (level 3, -1/29 HPs)
             Began as a Coglin Fighter on Apr 15, 2024.
             Slain by a gnoll
             ... wielding a +0 whip
              (6 damage)
             ... on level 2 of the Dungeon.
             The game lasted 00:00:49 (822 turns).

DEFE the Cudgeller (Coglin Fighter)                  Turns: 822, Time: 00:00:50

Health: -1/29      AC:  8    Str: 16    XL:     3   Next: 68%
Magic:  3/3        EV: -3    Int:  7    God:
Gold:   49         SH:  0    Dex: 15    Spells: 2/2 levels left

rFire   . . .        i - +0 dagger (venom) {Bianca}
rCold   . . .        h - +2 dagger (venom) {Dalbir}
rNeg    . . .        g - +0 chain mail
rPois   .            (no helmet)
rElec   .            (no cloak)
rCorr   .            (no gloves)
SInv    .            (no boots)
Will    .....        (amulet unavailable) Stlth
                     (ring unavailable)
HPRegen 0.24/turn    (ring unavailable)
MPRegen 0.08/turn    (no gizmo)

%: no passive effects
@: mighty, constricted, revving
A: off-hand wielding, slow wielding, warmup strikes, no jewellery
a: Invent Gizmo


You were on level 2 of the Dungeon.
You visited 1 branch of the dungeon, and saw 2 of its levels.

You collected 49 gold pieces.

Inventory:

Hand Weapons
 a - a +0 flail {Yvonne}
 h - a +2 dagger of venom (offhand) {Dalbir}
 i - a +0 dagger of venom (weapon) {Bianca}
Armour
 b - a +0 scale mail
 c - a +0 buckler
 g - a +0 chain mail (worn)
Scrolls
 e - 3 scrolls of revelation {unknown}
 f - a scroll of noise {unknown}
 j - a scroll of teleportation {unknown}
Potions
 k - a potion of curing {unknown}


   Skills:
 - Level 3.0 Fighting
 + Level 1.3 Short Blades
 - Level 3.1 Maces & Flails
 - Level 2.6 Armour
 - Level 2.1 Shields


You had 2 spell levels left.
You didn't know any spells.
Your spell library contained the following spells:

 Spells                   Type           Power      Damage    Failure   Level
 Sigil of Binding         Hex            0%         N/A       100%        3
 Death Channel            Necr           0%         N/A       100%        6
 Sculpt Simulacrum        Ice/Alch       0%         N/A       100%        6


Dungeon Overview and Level Annotations

Branches:
Dungeon (2/15)

Altars:


Innate Abilities, Weirdness & Mutations

You can wield a second weapon in your off-hand.
It takes a long time for you to wield or remove held weapons.
Your first few attacks do less damage.
You cannot equip rings or amulets.


Message History

e - 2 scrolls labelled ZURION UGEYR (gained 1)
Found a stone staircase leading up.
e - 3 scrolls labelled ZURION UGEYR (gained 1)
A gnoll comes into view. It is wielding a +0 whip.
The gnoll shouts!
You hear a shout!
A gnoll comes into view. It is wielding a +0 flail.
A gnoll comes into view. It is wielding a +0 whip.
Found a scroll labelled FOIZ HOPUQUYZ.
A ball python comes into view.
The ball python hisses angrily.
The gnoll hits you with a +0 whip.
You hit the gnoll with your +0 dagger of venom.
The gnoll is poisoned.
The gnoll is lightly wounded.
You closely miss the gnoll with your +2 dagger of venom.
The gnoll hits you but does no damage. The gnoll hits you with a +0 whip.
You hit the gnoll with your +0 dagger of venom.
The gnoll is moderately wounded.
You hit the gnoll with your +2 dagger of venom.
The gnoll looks as sick as possible!
You kill the gnoll!
The gnoll closely misses you.
You hit the gnoll with your +0 dagger of venom.
The gnoll is poisoned.
The gnoll is lightly wounded.
You hit the gnoll with your +2 dagger of venom.
The gnoll looks as sick as possible!
The ball python bites you but does no damage.
The ball python grabs you. The ball python constricts you.
The gnoll hits you with a +0 whip! The gnoll hits you with a +0 flail!
* * * LOW HITPOINT WARNING * * *
You are too injured to fight recklessly!
Unknown command.
You are too injured to fight recklessly!
You are too injured to fight recklessly!
Unknown command.
You feel very mighty all of a sudden.
The ball python bites you but does no damage.
The ball python constricts you. The gnoll hits you with a +0 whip.
You die...

##.............
#..............
#..............
#...........?..
#..............
#..............
#......Sg......
#.....@g......
#......##.....
#.#..### ...
#<#.## . ##...#
#. ####...##
#.. ##.....##
..##>.###.#
.....####.###


You could see 2 gnolls and a ball python.

Vanquished Creatures
  A gnoll (D:2)
  A dart slug (D:1)
  A ribbon worm (D:2)
  An endoplasm (D:1)
  4 goblins
  7 hobgoblins
  2 jackals (D:1)
  5 ball pythons
  3 bats (D:1)
  A frilled lizard (D:1)
  2 kobolds (D:1)
  3 rats
31 creatures vanquished.

Notes
Turn   | Place    | Note
-------+----------+-------------------------------------------
     0 | D:1      | DEFE the Coglin Fighter began the quest for the Orb.
     0 | D:1      | Reached XP level 1. HP: 18/18 MP: 1/1
   139 | D:1      | Reached XP level 2. HP: 24/24 MP: 2/2
   509 | D:1      | Reached XP level 3. HP: 29/29 MP: 3/3
   789 | D:2      | Reached skill level 1 in Short Blades
   822 | D:2      | Slain by a gnoll

Illustrated notes

Levels and vault maps discovered:
D:1:      shiori_shiawase, layout_basic
D:2:      layout_rooms, basic_altar

Skill      XL: |  1  2  3 |
---------------+----------+-----
Maces & Flails | 2 3 |  3.1
Short Blades   | 1 |  1.3
Fighting       | |  3.0
Armour         | |  2.6
Shields        | |  2.1

Action                     || total
---------------------------++-------
  Melee: Flail             ||    40
         Dagger            ||    53
    Use: Potion            ||     1
 Armour: Scale mail        ||    32
         Chain mail        ||    36
  Dodge: Dodged            ||    27
  Block: Buckler           ||     9

Table legend: (Time is in decaauts)
 A = Elapsed time spent in this place.
 B = Non-inter-level travel time spent in this place.
 C = Inter-level travel time spent in this place.
 D = Time resting spent in this place.
 E = Time spent auto-exploring this place.
 F = Levels seen in this place.
 G = Mean time per level.
                   A        B        C        D        E       F      G
               +--------+--------+--------+--------+--------+-----+--------+
         Total |    831 |    821 |     10 |      0 |    612 |   2 |  415.5 |
       Dungeon |    831 |    821 |     10 |      0 |    612 |   2 |  415.5 |
               +--------+--------+--------+--------+--------+-----+--------+

Top non-repeatable levels by time:
     D:1: 744 daAuts
     D:2: 87 daAuts
